 Dungeon Crawl Stone Soup version 0.31.0-11-ge490571c62 (webtiles) character file.

Game seed: 17460399475863062008

51 qw the Shooter (level 3, -10/20 HPs)
             Began as a Deep Elf Hunter on Feb 3, 2024.
             Mangled by a gnoll
             ... wielding a +0 halberd
              (13 damage)
             ... on level 2 of the Dungeon.
             The game lasted 00:00:03 (886 turns).

qw the Shooter (Deep Elf Hunter)                     Turns: 886, Time: 00:00:03

Health: -10/20     AC:  6    Str: 10    XL:     3   Next: 58%
Magic:  5/5        EV: 12    Int: 13    God:
Gold:   84         SH:  0    Dex: 18    Spells: 2/2 levels left

rFire   . . .        a - +0 shortbow
rCold   . . .        (shield currently unavailable)
rNeg    . . .        c - +0 leather armour
rPois   .            i - +0 helmet
rElec   .            (no cloak)
rCorr   .            f - +1 pair of gloves
SInv    .            (no boots)
Will    .....        (no amulet)
Stlth   ++           (no ring)
HPRegen 0.23/turn    (no ring)
MPRegen 0.09/turn

%: no passive effects
@: no status effects
A: no striking features
a: no special abilities


You were on level 2 of the Dungeon.
You visited 1 branch of the dungeon, and saw 2 of its levels.

You collected 84 gold pieces.


   Skills:
 - Level 1.5 Fighting
 + Level 7.1 Ranged Weapons
 - Level 2.4 Dodging
 - Level 1.2 Stealth


You had 2 spell levels left.
You didn't know any spells.
Your spell library was empty.

Inventory:

Hand Weapons
 a - a +0 shortbow (weapon)
Armour
 c - a +0 leather armour (worn)
 d - the +1 leather armour "Reoqeirr" {rC- rCorr Dex+2 SInv}
   (You found it on level 2 of the Dungeon)

   Dex+2:     It affects your dexterity (+2).
   rC-:       It makes you vulnerable to cold.
   SInv:      It lets you see invisible.
   rCorr:     It protects you from acid and corrosion.
 f - a +1 pair of gloves (worn)
 i - a +0 helmet (worn)
Potions
 b - 2 potions of enlightenment {unknown}
 h - a potion of degeneration {unknown}

Dungeon Overview and Level Annotations

Branches:
Dungeon (2/15)

Altars:
Sif Muna

Shops:
D:1 (


Message History

A gnoll comes into view. It is wielding a +0 halberd.
Enter note:
Enter note: You shoot an arrow.
The gnoll shouts!
The arrow hits the gnoll!
You kill the gnoll!
You hear a bark!
You shoot an arrow. The arrow barely misses the gnoll.
The arrow hits the gnoll.
The gnoll is moderately wounded.
The gnoll misses you.
You shoot an arrow. The arrow hits the gnoll.
The gnoll is moderately wounded.
The gnoll closely misses you.
You shoot an arrow. The arrow hits the gnoll.
The gnoll is severely wounded.
The gnoll barely misses you.
You shoot an arrow. The arrow hits the gnoll.
The gnoll is severely wounded.
A jackal comes into view.
The gnoll barely misses you. The gnoll hits you with a +0 flail. x2
The gnoll closely misses you.
You shoot an arrow. The arrow barely misses the gnoll.
The arrow hits the gnoll.
The gnoll is severely wounded.
The gnoll closely misses you. The gnoll hits you with a +0 flail.
You shoot an arrow. The arrow hits the gnoll.
You kill the gnoll!
The gnoll hits you but does no damage.
Your Ranged Weapons skill increases to level 7!
You shoot an arrow. The arrow closely misses the gnoll.
The arrow misses the jackal.
The gnoll hits you from afar with a +0 halberd!
Ouch! That really hurt!
You shoot an arrow. The arrow barely misses the gnoll.
The arrow hits the jackal!
You kill the jackal!
A jackal comes into view. x2
The gnoll hits you from afar with a +0 halberd!
Ouch! That really hurt!
You die...

########################
.....##.........@)g%...h
.###.#..##############.h
.# #...#.....:#
.#####.#.####.##
...............#
######.#.####..## #.#.#
#...# #...# #.#.# #####
#.#.#


You could see a gnoll and 2 jackals.

Vanquished Creatures
  2 gnolls (D:2)
  An adder (D:2)
  2 bats
  2 endoplasms
  2 giant cockroaches
  3 goblins (D:1)
  A hobgoblin (D:2)
  A jackal (D:2)
  4 ball pythons
  2 frilled lizards
  3 kobolds
  A rat (D:1)
24 creatures vanquished.

Notes
Turn   | Place    | Note
-------+----------+-------------------------------------------
     0 | D:1      | qw the Deep Elf Hunter began the quest for the Orb.
     0 | D:1      | Reached XP level 1. HP: 12/12 MP: 3/3
     0 | D:1      | 0 ||| qw: Version: 0.3-a-157-g843a77d
     0 | D:1      | 0 ||| qw: Game counter: 3917
     0 | D:1      | 0 ||| qw: Melee chars always use a shield: true
     0 | D:1      | 0 ||| qw: God list: Okawaru
     0 | D:1      | 0 ||| qw: Allow faded altars: false
     0 | D:1      | 0 ||| qw: Do Orc after clearing Dungeon:15 true
     0 | D:1      | 0 ||| qw: Do second Lair branch before Depths: true
     0 | D:1      | 0 ||| qw: Lair rune preference: random
     0 | D:1      | 0 ||| qw: Goals: Normal
     0 | D:1      | 0 ||| PLANNING D:1-11
   205 | D:1      | Reached XP level 2. HP: 16/16 MP: 4/4
   211 | D:1      | Found a faded altar of an unknown god.
   238 | D:1      | Reached skill level 6 in Ranged Weapons
   368 | D:1      | Found Feifiseno's Weapon Shop.
   579 | D:1      | Found a shimmering blue altar of Sif Muna.
   593 | D:1      | 593 ||| UPGRADING to +0 pair of gloves.
   598 | D:1      | 598 ||| UPGRADING to +0 helmet.
   603 | D:1      | 603 ||| READING scroll labelled LASSEBAXICK.
   603 | D:1      | 603 ||| ENCHANTING +0 pair of gloves.
   604 | D:1      | 604 ||| READING scroll labelled HEEGUE RAOFITHRAGI.
   605 | D:1      | 605 ||| READING scroll labelled GUMIXAM VUVA.
   606 | D:1      | 606 ||| DROPPING scroll of butterflies.
   770 | D:2      | Identified the +1 leather armour "Reoqeirr" {rC- rCorr
                  | Dex+2 SInv}
   799 | D:2      | Reached XP level 3. HP: 20/20 MP: 5/5
   885 | D:2      | Reached skill level 7 in Ranged Weapons
   885 | D:2      | HP: 3/20 [gnoll/+0 halberd (10)]
   886 | D:2      | Mangled by a gnoll

Levels and vault maps discovered:
D:1:      dpeg_arrival_water_altar, layout_loops_ring, basic_ecumenical_altar,
          serial_shops, shop
D:2:      layout_basic, basic_altar, grunt_ministairs_4

Skill      XL: |  1  2  3 |
---------------+----------+-----
Ranged Weapons | 6 7 |  7.1
Fighting       | |  1.5
Dodging        | |  2.4
Stealth        | |  1.2

Action                     || total
---------------------------++-------
   Fire: Shortbow          ||    66
    Use: Scroll            ||     3
 Armour: Leather armour    ||    15
  Dodge: Dodged            ||    14

Table legend:
 A = Non-vault XP
 B = Vault XP
 C = Vault XP percentage of total XP
 D = Non-vault monster count
 E = Vault monster count
 F = Vault count percentage of total count
                 A         B        C        D         E       F
            +---------+---------+-------+---------+---------+-------
      Total |      76 |       0 |   0.0 |      24 |       0 |   0.0
            +---------+---------+-------+---------+---------+-------
        D:1 |      17 |       0 |   0.0 |      12 |       0 |   0.0
        D:2 |      59 |       0 |   0.0 |      12 |       0 |   0.0
            +---------+---------+-------+---------+---------+-------
